 Dungeon Crawl Stone Soup version 0.29-a0-330-g52719c12eb (webtiles) character file.

Game seed: 11596995617072144385

2681 DavidChitty2 the Cleaver (level 9, 0/79 HPs)
             Began as a Minotaur Fighter on May 5, 2022.
             Was a Priest of Okawaru.
             Killed by divine providence
             ... invoked by an orc priest
              (12 damage)
             ... on level 8 of the Dungeon.
             The game lasted 00:08:01 (7868 turns).

DavidChitty2 the Cleaver (Minotaur Fighter)         Turns: 7868, Time: 00:08:01

Health: 0/79       AC: 15    Str: 25    XL:     9   Next: 37%
Magic:  11/11      EV:  7    Int:  5    God:    Okawaru [***...]
Gold:   404        SH:  6    Dex: 16    Spells: 8/8 levels left

rFire   . . .      SeeInvis .   a - +0 war axe
rCold   . . .      Faith    .   c - +0 buckler
rNeg    . . .      Spirit   .   o - +0 plate armour
rPois   +          Reflect  .   (helmet restricted)
rElec   .          Harm     .   G - +1 cloak
rCorr   .          Rampage  .   (no gloves)
Will    .....                   (no boots)
Stlth   ..........              (no amulet)
HPRegen 0.23/turn               p - ring of poison resistance
MPRegen 0.12/turn               C - +6 ring of dexterity

@: no status effects
A: horns 2, retaliatory headbutt
a: Renounce Religion, Heroism


You were on level 8 of the Dungeon.
You worshipped Okawaru.
Okawaru was most pleased with you.
You visited 2 branches of the dungeon, and saw 9 of its levels.

You collected 404 gold pieces.

Inventory:

Hand Weapons
 a - a +0 war axe (weapon)
 b - the +8 whip of Kastronupp {pain, Str+5 Dex-5}
   (You found it on level 2 of the Dungeon)

   In the hands of one skilled in necromantic magic, it inflicts extra damage on
   living creatures.
   Str:       It affects your strength (+5).
   Dex:       It affects your dexterity (-5).
 y - the +4 short sword "Guwn" {drain, rPois Stlth+}
   (You found it on level 4 of the Dungeon)

   A truly terrible weapon, it drains the life of any living foe it strikes.
   rPois:     It protects you from poison.
   Stlth:     It makes you more stealthy.
Armour
 c - a +0 buckler (worn)
 o - a +0 plate armour (worn)
   (You found it on level 2 of the Dungeon)
 G - a +1 cloak (worn)
   (You found it on level 3 of the Dungeon)
Jewellery
 p - a ring of poison resistance (left hand)
   (You found it on level 2 of the Dungeon)
 x - a ring of resist corrosion
   (You found it on level 4 of the Dungeon)
 A - the ring "Elidaym" {rF+ rCorr}
   (You found it on level 5 of the Dungeon)

   [ring of protection from fire]

   rF:        It protects you from fire.
   rCorr:     It protects you from acid and corrosion.
 B - a ring of willpower
   (You found it on level 5 of the Dungeon)
 C - a +6 ring of dexterity (right hand)
   (You found it on level 4 of the Dungeon)
Wands
 d - a wand of iceblast (5)
   (You found it on level 2 of the Dungeon)
 t - a wand of flame (23)
   (You found it on level 7 of the Dungeon)
 v - a wand of digging (5)
   (You took it off Dowan on level 6 of the Dungeon)
Scrolls
 e - 4 scrolls of amnesia {unknown}
 g - 8 scrolls of identify {unknown}
 h - a scroll of magic mapping {unknown}
 i - 2 scrolls of noise {unknown}
 q - a scroll of torment {unknown}
 r - 5 scrolls of teleportation {unknown}
 s - a scroll of vulnerability {unknown}
 u - a scroll of blinking {unknown}
 w - 3 scrolls of fear {unknown}
 z - 2 scrolls of fog {unknown}
Potions
 f - 4 potions of curing {unknown}
 j - 2 potions of cancellation {unknown}
 k - 2 potions of attraction {unknown}
 l - 2 potions of ambrosia {unknown}
 m - a potion of haste {unknown}
 n - 4 potions of flight {unknown}
 D - 3 potions of heal wounds {unknown}
 E - 2 potions of lignification {unknown}
 F - a potion of brilliance {unknown}
 H - a potion of berserk rage {unknown}


   Skills:
 + Level 7.4 Fighting
 * Level 9.5 Axes
 + Level 7.3 Armour
 + Level 7.3 Shields
 + Level 4.2 Invocations


You had 8 spell levels left.
You didn't know any spells.
Your spell library contained the following spells:

 Spells                   Type           Power      Damage    Failure   Level
 Pain                     Necr           0%         1d4       100%        1
 Sting                    Tmut/Pois      0%         1d3       100%        1
 Poisonous Vapours        Pois/Air       0%         N/A       100%        2
 Sublimation of Blood     Necr           0%         N/A       100%        2
 Dazzling Flash           Conj/Hex       0%         N/A       100%        3
 Vampiric Draining        Necr           0%         2d6       100%        3
 Iskenderun's Mystic Bla  Conj/Tloc      0%         2d3       100%        4
 Olgreb's Toxic Radiance  Pois           0%         N/A       100%        4
 Petrify                  Tmut/Erth      0%         N/A       100%        4
 Irradiate                Conj/Tmut      0%         3d13      100%        5
 Conjure Ball Lightning   Conj/Air       0%         3x3d6     100%        6
 Starburst                Conj/Fire      0%         6d3       100%        6
 Discord                  Hex            0%         N/A       100%        8
 Disjunction              Tloc           0%         N/A       100%        8
 Animate Skeleton         Necr           Unusable   N/A       N/A         1

Dungeon Overview and Level Annotations

Branches:
Dungeon (8/15)             Temple (1/1) D:4
   Lair: D:8-11

Altars:
Ashenzari
Cheibriados
Dithmenos
Elyvilon
Fedhas
Gozag
Hepliaklqana
Kikubaaqudgha
Makhleb
Nemelex Xobeh
Okawaru
Qazlal
Ru
Sif Muna
Trog
Uskayaw
Vehumet
Wu Jian
Xom
Yredelemnul
Zin
The Shining One

Shops:
D:2 (

Annotations:
D:6 2 transporters, initializr's ghost, novice GrEE


Innate Abilities, Weirdness & Mutations

You have a pair of horns on your head.
You reflexively headbutt those who attack you in melee.


Message History

You hit the orc priest but do no damage.
You barely miss the orc priest. You slash the centaur!
The centaur hits you but does no damage.
You block the centaur's attack.
The orc priest invokes the aid of Beogh against you.
Beogh smites you!
* * * LOW HITPOINT WARNING * * *
The orc barely misses you. You furiously retaliate!
You headbutt the orc!
You kill the orc!
Okawaru accepts your kill. The orc warrior closely misses you.
You furiously retaliate!
You headbutt the orc warrior, but do no damage.
The orc priest mumbles some strange prayers to Beogh against you.
Pain shoots through your body!
* * * LOW HITPOINT WARNING * * *
You are too injured to fight recklessly!
You are too injured to fight recklessly!
You slash the orc priest!
You headbutt the orc priest, but do no damage.
You hit the orc priest but do no damage.
You hit the orc warrior but do no damage.
You hit the centaur. You block the centaur's attack.
The centaur barely misses you. You block the orc priest's attack.
The orc warrior hits you with a +0 scimitar.
* * * LOW HITPOINT WARNING * * *
You block the orc priest's attack.
The centaur hits you but does no damage.
The centaur kicks you but does no damage.
You barely miss the orc priest. You hit the orc priest.
You kill the orc priest!
Okawaru accepts your kill.
You slash the centaur!
You kill the centaur!
Okawaru accepts your kill.
Okawaru will now gift you ammunition as you gain piety.
You closely miss the orc warrior.
The orc warrior hits you with a +0 scimitar.
* * * LOW HITPOINT WARNING * * *
The orc priest mumbles some strange prayers to Beogh against you.
You struggle to resist.
You hit the orc priest. You closely miss the orc warrior.
You block the orc warrior's attack.
The orc priest mumbles some strange prayers to Beogh against you.
Beogh smites you!
* * * LOW HITPOINT WARNING * * *
You hit the orc priest. You barely miss the orc warrior.
You block the orc warrior's attack.
The orc priest calls down the wrath of Beogh upon you.
Beogh smites you!
You die...

###
###.#######
#.#..<)......
#...)@o......
#...))o......
#.........?###
#.....###..#
###### ..# .#
.. .#


You could see an orc warrior and an orc priest.

Vanquished Creatures
  Prince Ribbit (D:6)
  A steam dragon (D:6)
  Duvessa (D:6)
  2 water moccasins
  An orc warrior (D:7)
  2 ice beasts (D:7)
  A sky beast (D:7)
  3 centaurs
  2 phantoms
  2 bullfrogs
  2 necrophages
  A gnoll sergeant (D:7)
  A scorpion (D:5)
  Dowan (D:6)
  3 killer bees (D:7)
  A howler monkey (D:5)
  A hound (D:6)
  2 orc priests (D:8)
  3 jellies
  6 iguanas
  Terence (D:2)
  2 orc wizards (D:5)
  4 gnolls
  11 adders
  2 shadow imps
  3 white imps
  An ufetubus (D:6)
  3 worms
  4 dart slugs
  17 orcs
  8 endoplasms
  3 giant cockroaches
  11 goblins
  6 hobgoblins
  5 jackals
  A quokka (D:3)
  3 ball pythons
  7 bats
  2 frilled lizards
  11 kobolds
  6 rats
148 creatures vanquished.

Notes
Turn   | Place    | Note
-------+----------+-------------------------------------------
     0 | D:1      | DavidChitty2 the Minotaur Fighter began the quest for the
                  | Orb.
     0 | D:1      | Reached XP level 1. HP: 19/19 MP: 0/0
   210 | D:1      | Reached XP level 2. HP: 16/27 MP: 1/1
   491 | D:1      | Reached skill level 3 in Axes
   639 | D:1      | Reached XP level 3. HP: 29/33 MP: 2/2
   892 | D:2      | Found Lidgh's Antique Weapon Shop.
  1034 | D:2      | You fall into a shaft and drop 1 floor!
  1061 | D:3      | Noticed a phantom
  1066 | D:3      | Killed a phantom
  1067 | D:3      | Reached skill level 4 in Axes
  1067 | D:3      | Reached XP level 4. HP: 41/41 MP: 3/3
  1230 | D:2      | Noticed Terence
  1237 | D:2      | Killed Terence
  1238 | D:2      | Reached XP level 5. HP: 43/47 MP: 4/4
  1620 | D:2      | Identified the +8 whip of Kastronupp {pain, Str+5 Dex-5}
  2256 | D:3      | Found a shimmering altar of Xom.
  2328 | D:3      | Identified the +5 falchion of Qazlal's Indignation {vorpal,
                  | rC+ Stlth+}
  2465 | D:4      | Reached skill level 5 in Axes
  2487 | D:4      | Reached XP level 6. HP: 55/55 MP: 5/5
  2542 | D:4      | Reached skill level 5 in Fighting
  2542 | D:4      | Reached skill level 5 in Armour
  2542 | D:4      | Reached skill level 5 in Shields
  2552 | D:4      | Found a staircase to the Ecumenical Temple.
  2563 | Temple   | Entered the Ecumenical Temple
  2763 | Temple   | Became a worshipper of Warmaster Okawaru
  3336 | D:4      | Identified the +4 short sword "Guwn" {drain, rPois Stlth+}
  3386 | D:5      | Entered Level 5 of the Dungeon
  3556 | D:5      | Reached skill level 6 in Axes
  3556 | D:5      | Reached skill level 1 in Invocations
  3556 | D:5      | Reached XP level 7. HP: 59/61 MP: 6/6
  3990 | D:5      | Identified the ring "Elidaym" {rF+ rCorr}
  4041 | D:5      | Reached * piety under Okawaru
  4678 | D:6      | Noticed Duvessa
  4680 | D:6      | Noticed Dowan
  4692 | D:6      | Killed Duvessa
  4693 | D:6      | Reached skill level 7 in Axes
  4693 | D:6      | Killed Dowan
  4694 | D:6      | Reached XP level 8. HP: 42/70 MP: 8/8
  4911 | D:6      | Noticed Prince Ribbit
  4942 | D:6      | Killed Prince Ribbit
  5389 | D:6      | Found a transporter.
  5389 | D:6      | Noticed initializr's ghost (novice GrEE)
  5424 | D:6      | Reached ** piety under Okawaru
  5425 | D:6      | Reached skill level 8 in Axes
  5994 | D:6      | Found a transporter.
  6283 | D:7      | Reached XP level 9. HP: 9/78 MP: 8/10
  6943 | D:7      | Reached skill level 9 in Axes
  7866 | D:8      | Reached *** piety under Okawaru
  7868 | D:8      | Killed from afar by an orc priest

Illustrated notes

Levels and vault maps discovered:
D:1:      dpeg_arrival_shrine, layout_basic
D:2:      minmay_door_path, layout_rooms, serial_shops, nicolae_square_shop,
          minmay_pentomino_q2, uniq_terence
D:3:      layout_loops_cross, xom_teletrap_fun, minmay_misc_feat_square,
          minmay_misc_feat_iff, st_stairs_11
D:4:      layout_loops_ring, temple_statues
D:5:      layout_loops_corners
D:6:      layout_basic, gammafunk_ghost_arena, kennysheep_dice, uniq_duvessa,
          uniq_prince_ribbit1
D:7:      layout_cave_pods
D:8:      layout_cave_pods
Temple:   minmay_crystal_snake_temple

Skill      XL: |  1  2  3  4  5  6  7  8  9 |
---------------+----------------------------+-----
Axes           | 3 4 5 6 7 8 9 |  9.5
Fighting       | 4 5 6 7 |  7.4
Armour         | 4 5 6 7 |  7.3
Shields        | 4 5 6 7 |  7.3
Invocations    | 1 2 3 4 |  4.2

Action                   |  1- 3 |  4- 6 |  7- 9 || total
-------------------------+-------+-------+-------++-------
Melee: War axe           |    52 |   139 |   189 ||   380
       Headbutt          |    13 |    21 |    35 ||    69
Invok: Heroism           |       |       |     2 ||     2
Evoke: Wand              |       |       |     1 ||     1
  Use: Potion            |       |       |     2 ||     2
Armor: Scale mail        |    30 |       |       ||    30
       Chain mail        |     2 |    14 |       ||    16
       Plate armour      |       |    69 |   155 ||   224
Dodge: Dodged            |    27 |    37 |    46 ||   110
Block: Buckler           |     9 |    37 |    67 ||   113

Table legend: (Time is in decaauts)
 A = Elapsed time spent in this place.
 B = Non-inter-level travel time spent in this place.
 C = Inter-level travel time spent in this place.
 D = Time resting spent in this place.
 E = Time spent auto-exploring this place.
 F = Levels seen in this place.
 G = Mean time per level.
                   A        B        C        D        E       F      G
               +--------+--------+--------+--------+--------+-----+--------+
         Total |   7957 |   7572 |    385 |    960 |   5414 |   9 |  884.1 |
       Dungeon |   7732 |   7400 |    332 |    960 |   5264 |   8 |  966.5 |
        Temple |    224 |    171 |     53 |      0 |    150 |   1 |  224.0 |
               +--------+--------+--------+--------+--------+-----+--------+

Top non-repeatable levels by time:
     D:6: 2016 daAuts
     D:7: 1230 daAuts
     D:5: 1222 daAuts
     D:2: 885 daAuts
     D:1: 881 daAuts
     D:4: 762 daAuts
     D:3: 721 daAuts
  Temple: 224 daAuts
     D:8: 12 daAuts
